 Dungeon Crawl Stone Soup version 0.31-a0-1321-g5021b54cb2 (webtiles) character file.

Game seed: 13621373256746454350

44 gelatine the Apothecary (level 3, 0/25 HPs)
             Began as a Demonspawn Alchemist on Dec 21, 2023.
             Succumbed to an adder's poison
             ... on level 1 of the Dungeon.
             The game lasted 00:04:39 (1511 turns).

gelatine the Apothecary (Demonspawn Alchemist)      Turns: 1511, Time: 00:04:39

Health: 0/25       AC:  2    Str:  8    XL:     3   Next: 41%
Magic:  0/7        EV: 12    Int: 17    God:
Gold:   46         SH:  0    Dex: 13    Spells: 1/7 levels left

rFire   . . .        (no weapon)
rCold   . . .        (no shield)
rNeg    . . .        a - +0 robe
rPois   .            (no helmet)
rElec   .            (no cloak)
rCorr   .            (no gloves)
SInv    .            (no boots)
Will    .....        (no amulet)
Stlth   ++           (no ring)
HPRegen 0.24/turn    (no ring)
MPRegen 0.10/turn

%: no passive effects
@: lethally poisoned (0 -> -2), very slightly contaminated
A: ignite blood 1, weakness stinger 1
a: no special abilities


You were on level 1 of the Dungeon.
You visited 1 branch of the dungeon, and saw 2 of its levels.

You collected 46 gold pieces.

Inventory:

Hand Weapons
 d - a +0 dagger
Missiles
 i - 5 silver javelins
Armour
 a - a +0 robe (worn)
Talismans
 g - a beast talisman
Scrolls
 c - a scroll of blinking {unknown}
 e - a scroll of identify {unknown}
 f - a scroll of vulnerability {unknown}
 h - a scroll of poison {unknown}
Potions
 b - a potion of magic


   Skills:
 * Level 0.9 Fighting
 * Level 2.0 Dodging
 + Level 1.8 Stealth
 * Level 2.7 Spellcasting
 * Level 1.4 Conjurations
 * Level 3.3 Alchemy


You had one spell level left.
You knew the following spells:

 Your Spells              Type           Power      Damage    Failure   Level
a - Sting                 Conj/Alch      40%        1d5       7%          1
b - Mercury Vapours       Alch/Air       16%        N/A       14%         2
c - Mephitic Cloud        Conj/Alch/Air  7%         N/A       28%         3

Your spell library contained the following spells:

 Spells                   Type           Power      Damage    Failure   Level
 Summon Small Mammal      Summ           8%         N/A       19%         1
 Olgreb's Toxic Radiance  Alch           13%        N/A       41%         4
 Call Canine Familiar     Summ           2%         N/A       47%         3
 Summon Guardian Golem    Hex/Summ       2%         N/A       47%         3
 Sticky Flame             Fire/Alch      8%         2d4       65%         4


Dungeon Overview and Level Annotations

Branches:
Dungeon (2/15)

Altars:

Shops:
D:1 !

Annotations:
D:2 Robin


Innate Abilities, Weirdness & Mutations

Your demonic aura sometimes causes spilled blood to erupt in flames.
You have a small tail.


Message History

The adder bites you. The adder barely misses you.
You barely miss the adder.
The adder is lightly wounded.
The adder bites you.
You miss the adder.
Your tail-slap misses the adder.
The adder is lightly wounded.
The adder closely misses you.
You miss the adder.
The adder is lightly wounded.
The adder barely misses you.
You are too injured to fight recklessly!
Casting: Mephitic Cloud (extremely dangerous; 28% risk of failure)
Confirm with . or Enter, or press ? or * to list all spells.
Aiming: Sting (safe; 7% risk of failure)
Press: ? - help, Shift-Dir - straight line, f - adder
Aim: an adder (lightly wounded, 53% to hit)
The sting hits the adder.
The adder is poisoned.
The adder is heavily wounded.
The adder bites you.
* * * LOW HITPOINT WARNING * * *
The adder bites you.
* * * LOW HITPOINT WARNING * * *
Casting: Sting (safe; 7% risk of failure)
Confirm with . or Enter, or press ? or * to list all spells.
You don't have enough magic to cast this spell.
Unknown command.
You hit the adder.
The adder is severely wounded.
The adder bites you.
* * * LOW HITPOINT WARNING * * *
You are lethally poisoned!
The adder poisons you!
You miss the adder.
Your tail-slap misses the adder.
The adder is severely wounded.
* * * LOW HITPOINT WARNING * * *
You feel sick. The adder barely misses you.
Okay, then.
You closely miss the adder.
Your tail-slap misses the adder.
The adder is almost dead.
You die...

##†.#####..........# #.#.
#......##..........########.#.
##.###.####.................#.
#)# #.# #####.............##.
#.# #.# #.................##.
#.# #.# #.................###
#.# #.# #.......#............
#.###.###....S..##......##..#
#...#.......@...##......###..
#.#######.......##......# ##.
#.# #.......##...÷..# ## #.#
#.......##......# #.#
#######.##......# #.#
#.##......# #.# #.##......#
#.# #.##[.....# #.#
#.##......#


You could see an adder (poisoned).

Vanquished Creatures
  An adder (D:2)
  2 ball pythons (D:1)
  3 bats (D:1)
  2 endoplasms
  2 giant cockroaches (D:1)
  4 goblins
  4 hobgoblins
  6 kobolds
  5 frilled lizards (D:1)
  5 rats (D:1)
34 creatures vanquished.

Notes
Turn   | Place    | Note
-------+----------+-------------------------------------------
     0 | D:1      | gelatine the Demonspawn Alchemist began the quest for the
                  | Orb.
     0 | D:1      | Reached XP level 1. HP: 13/13 MP: 3/3
   226 | D:1      | Discovered your monstrous ancestry.
   226 | D:1      | Gained mutation: You have a small tail. [demonic ancestry]
   226 | D:1      | Reached XP level 2. HP: 20/20 MP: 3/5
   519 | D:1      | Found a transporter.
   520 | D:1      | Found Suoq's Distillery.
   552 | D:1      | Found a transporter.
  1145 | D:1      | Gained mutation: Your demonic aura sometimes causes spilled
                  | blood to erupt in flames. [demonic ancestry]
  1145 | D:1      | Reached XP level 3. HP: 25/25 MP: 3/6
  1340 | D:2      | Learned a level 2 spell: Mercury Vapours
  1344 | D:2      | Learned a level 3 spell: Mephitic Cloud
  1427 | D:2      | Found a faded altar of an unknown god.
  1488 | D:2      | Noticed Robin
  1510 | D:1      | HP: 1/25 [poisoned by an adder]
  1511 | D:1      | Succumbed to an adder's poison

Illustrated notes

Levels and vault maps discovered:
D:1:      matt_arrival_grand_opening, layout_basic, serial_shops,
          nicolae_shop_drivethru
D:2:      layout_rooms, dreamdust_ecumenical_altar_grove, uniq_robin,
          uniq_crazy_yiuf_cottage

Skill      XL: |  1  2 |
---------------+-------+-----
Dodging        | 2 |  2.0
Fighting       | |  0.9
Stealth        | |  1.8
Spellcasting   | |  2.7
Conjurations   | |  1.4
Alchemy        | |  3.3

Action                     || total
---------------------------++-------
  Melee: Unarmed           ||    13
         Tailslap          ||     2
   Cast: Sting             ||    55
 Armour: Robe              ||    16
  Dodge: Dodged            ||    11

Table legend: (Time is in decaauts)
 A = Elapsed time spent in this place.
 B = Non-inter-level travel time spent in this place.
 C = Inter-level travel time spent in this place.
 D = Time resting spent in this place.
 E = Time spent auto-exploring this place.
 F = Levels seen in this place.
 G = Mean time per level.
                   A        B        C        D        E       F      G
               +--------+--------+--------+--------+--------+-----+--------+
         Total |   1510 |   1436 |     74 |      0 |   1178 |   2 |  755.0 |
       Dungeon |   1510 |   1436 |     74 |      0 |   1178 |   2 |  755.0 |
               +--------+--------+--------+--------+--------+-----+--------+

Top non-repeatable levels by time:
     D:1: 1345 daAuts
     D:2: 164 daAuts
